 Dungeon Crawl Stone Soup version 0.24-a0-479-g9a978d2894 (webtiles) character file.

Game seed: 12738163309760994516

5268 Elric the Magician (level 10, -3/118 HPs)
             Began as a Gnoll Skald on July 8, 2019.
             Was an Initiate of Ru.
             Slain by a ynoxinul (4 damage)
             ... summoned by a kobold demonologist
             ... in a bailey.
             The game lasted 00:22:41 (9252 turns).

Elric the Magician (Gnoll Skald)                    Turns: 9252, Time: 00:22:42

Health: -3/118     AC: 13    Str: 13    XL:     10   Next: 62%
Magic:  30/30      EV:  2    Int: 24    God:    Ru [......]
Gold:   346        SH:  0    Dex: 15    Spells: 8/23 levels left

rFire    . . .     SeeInvis .   F - +3 halberd (freeze)
rCold    . . .     Gourm    +   (shield currently unavailable)
rNeg     + + +     Faith    .   (armour currently unavailable)
rPois    +         Spirit   .   (helmet currently unavailable)
rElec    .         Reflect  .   (cloak currently unavailable)
rCorr    .         Harm     .   (gloves currently unavailable)
MR       .....     NoTele   +   (boots currently unavailable)
Stlth    +++.......             l - amulet of the gourmand
HPRegen  0.29/turn              j - +5 ring of intelligence
MPRegen  0.22/turn              E - ring of magical power

@: tree-form, corroded, very slightly contaminated
A: distributed training, strong nose
a: Sacrifice Nimbleness, Sacrifice Health, Sacrifice Courage, Reject Sacrifices,
Renounce Religion


You were in a bailey.
You worshipped Ru.
Ru was noncommittal.
You were not hungry.
You were a tree.
You visited 2 branches of the dungeon, and saw 9 of its levels.
You also visited: Sewer and Bailey.

You collected 346 gold pieces.

Inventory:

Hand Weapons
 F - a +3 halberd of freezing (weapon)
Missiles
 A - 4 javelins (quivered)
Armour
 f - a +0 pair of boots (melded)
 k - a +1 helmet (melded)
 G - a +2 robe of magic resistance (melded)
Jewellery
 c - an uncursed ring of ice
 i - an uncursed ring of positive energy
 j - a +5 ring of intelligence (left branch)
 l - an amulet of the gourmand (around neck)
 v - an uncursed ring of stealth
 E - a ring of magical power (right branch)
Wands
 t - a wand of flame (5)
Scrolls
 g - 2 scrolls of immolation
 h - a scroll of amnesia
 o - 2 scrolls of enchant weapon
 p - 3 scrolls of remove curse
 q - 3 scrolls of teleportation
 D - a scroll of enchant armour
Potions
 m - a potion of flight
 n - 3 potions of lignification
 r - a potion of invisibility
 u - a potion of might
 w - a potion of curing
 z - a potion of magic
Comestibles
 d - 13 rations


   Skills:
 + Level 7.1 Fighting
 + Level 5.3 Short Blades
 + Level 5.3 Long Blades
 + Level 5.3 Axes
 + Level 5.3 Maces & Flails
 + Level 7.1 Polearms
 + Level 5.3 Staves
 + Level 5.3 Slings
 + Level 5.3 Bows
 + Level 5.3 Crossbows
 + Level 5.3 Throwing
 + Level 6.0 Armour
 + Level 7.1 Dodging
 + Level 5.3 Stealth
 + Level 5.3 Shields
 + Level 5.3 Unarmed Combat
 + Level 7.4 Spellcasting
 + Level 4.4 Conjurations
 + Level 4.4 Hexes
 + Level 7.1 Charms
 + Level 4.4 Summonings
 + Level 4.4 Necromancy
 + Level 4.4 Translocations
 + Level 4.4 Transmutations
 + Level 4.4 Fire Magic
 + Level 4.4 Ice Magic
 + Level 4.4 Air Magic
 + Level 4.4 Earth Magic
 + Level 4.4 Poison Magic
 + Level 5.9 Invocations
 + Level 5.3 Evocations


You had 8 spell levels left.
You knew the following spells:

 Your Spells              Type           Power        Failure   Level  Hunger
a - Infusion              Chrm           ####         1%          1    None
b - Spectral Weapon       Hex/Chrm       #####...     1%          3    None
c - Song of Slaying       Chrm           #####...     1%          2    None
d - Regeneration          Chrm/Necr      #####.....   1%          3    None
e - Shroud of Golubria    Chrm/Tloc      #####.       1%          2    None
f - Summon Lightning Spi  Summ/Air       ####....     11%         4    ###....

Your spell library contained the following spells:

 Spells                   Type           Power        Failure   Level  Hunger
 Summon Small Mammal      Summ           ####         1%          1    None
 Call Imp                 Summ           ####....     1%          2    None
 Call Canine Familiar     Summ           ####....     3%          3    None
 Summon Guardian Golem    Hex/Summ       ####....     3%          3    None
 Summon Ice Beast         Ice/Summ       ####....     11%         4    ###....


Dungeon Overview and Level Annotations

Branches:
Dungeon (8/15)             Temple (1/1) D:6
   Lair: D:8-11

Altars:
Ashenzari
Cheibriados
Dithmenos
Elyvilon
Fedhas
Gozag
Hepliaklqana
Kikubaaqudgha
Makhleb
Nemelex Xobeh
Okawaru
Qazlal
Ru
Sif Muna
Trog
Vehumet
Wu Jian
Xom
Yredelemnul
Zin
The Shining One


Innate Abilities, Weirdness & Mutations

Your experience applies equally to all skills.
((You have very sharp teeth.))
Your uncanny sense of smell can sniff out nearby items.


Message History

* * * LOW HITPOINT WARNING * * *
The ufetubus hits you but does no damage.
The kobold demonologist looks satisfied for a moment.
The rust devil hits you. The rust devil corrodes you!
The orc warrior hits you but does no damage.
The goblin completely misses you.
You slash the kobold demonologist! You freeze the kobold demonologist.
The kobold demonologist is heavily wounded.
The ufetubus hits you but does no damage.
The ufetubus hits you.
* * * LOW HITPOINT WARNING * * *
The ynoxinul hits you.
* * * LOW HITPOINT WARNING * * *
The white imp hits you but does no damage.
The ufetubus hits you but does no damage. x2
The kobold demonologist hits you but does no damage.
The rust devil hits you. The rust devil corrodes you!
The orc warrior hits you but does no damage.
The ynoxinul hits you.
You die...

#+####### #.......# ≈≈≈≈≈#
+.8.8.8.# #≈≈≈≈≈#
#...)...######≈≈≈≈≈#
∆∆#....#3....5#.≈≈≈≈≈≈#
[[#....#......#.≈≈≈≈≈.######
..#.o..#####''#55≈≈≈≈......#
..#.5g5
#.....#53≈≈≈≈......### #
#o... #...§.o♣55...........#


#g5Ko #..§§.g4K5.......∩..∩# #.... #...§.!5.............# #.....#.≈≈≈≈≈......###
####++#.≈≈≈≈≈......# #.≈≈≈≈≈.###### #.≈≈≈≈≈≈# ###≈≈≈≈≈# #≈≈≈≈≈# You could see a
rust devil, a kobold demonologist, a ynoxinul, an orc warrior, a white imp, 6
ufetubi and a goblin.

Vanquished Creatures
  An orc high priest (Bailey)
  Pikel (D:8)
  A cyclops (D:7)
  2 hippogriffs
  A hornet (D:7)
  Sigmund (D:4)
  A water moccasin (D:7)
  3 orc warriors
  A sky beast (D:6)
  2 phantoms
  A slave (D:8)
  5 ogres
  2 centaurs
  A crocodile (Sewer)
  3 bullfrogs
  3 scorpions
  A wyvern skeleton (D:6)
  5 wights
  A centaur zombie (D:6)
  A crimson imp (D:5)
  2 bullfrog skeletons
  A bullfrog zombie (D:7)
  4 hounds
  2 jellies (D:7)
  5 orc priests
  A centaur skeleton (D:7)
  4 orc wizards
  Ijyb (D:5)
  Natasha (thrice) (D:2)
  2 iguanas
  6 worker ants
  A hound zombie (D:6)
  A hound skeleton (D:4)
  A worker ant zombie (D:5)
  5 gnolls
  6 adders
  2 river rats (D:4)
  2 shadow imps (D:7)
  An ooze (D:2)
  3 worms
  5 dart slugs
  2 leopard geckos
  24 orcs
  4 bats
  6 giant cockroaches
  9 goblins
  8 hobgoblins
  13 jackals
  A quokka (D:7)
  A ball python (D:4)
  7 frilled lizards
  10 kobolds
  A leopard gecko skeleton (D:4)
  2 quokka skeletons
  15 rats
198 creatures vanquished.

Vanquished Creatures (others)
  2 goblins (D:8)
  6 spectral weapons
8 creatures vanquished.

Grand Total: 206 creatures vanquished

Notes
Turn   | Place    | Note
-------+----------+-------------------------------------------
     0 | D:1      | Elric the Gnoll Skald began the quest for the Orb.
     0 | D:1      | Reached XP level 1. HP: 20/20 MP: 6/6
    59 | D:1      | Reached XP level 2. HP: 26/26 MP: 1/7
   498 | D:1      | Reached XP level 3. HP: 26/31 MP: 3/9
   528 | D:1      | Learned a level 3 spell: Spectral Weapon
   531 | D:1      | Learned a level 2 spell: Song of Slaying
   535 | D:1      | Learned a level 3 spell: Regeneration
   538 | D:1      | Learned a level 2 spell: Shroud of Golubria
   577 | D:1      | Reached skill level 5 in Spellcasting
   700 | D:1      | You fall into a shaft and drop 1 floor!
   712 | D:2      | Reached skill level 1 in Invocations
   719 | D:2      | Reached skill level 1 in Short Blades
   719 | D:2      | Reached skill level 1 in Long Blades
   719 | D:2      | Reached skill level 1 in Axes
   719 | D:2      | Reached skill level 1 in Maces & Flails
   719 | D:2      | Reached skill level 1 in Staves
   719 | D:2      | Reached skill level 1 in Slings
   719 | D:2      | Reached skill level 1 in Bows
   719 | D:2      | Reached skill level 1 in Crossbows
   719 | D:2      | Reached skill level 1 in Throwing
   719 | D:2      | Reached skill level 1 in Stealth
   719 | D:2      | Reached skill level 1 in Shields
   719 | D:2      | Reached skill level 1 in Unarmed Combat
   719 | D:2      | Reached skill level 1 in Evocations
   719 | D:2      | Reached XP level 4. HP: 12/38 MP: 0/11
  1147 | D:2      | Reached skill level 1 in Conjurations
  1147 | D:2      | Reached skill level 1 in Hexes
  1147 | D:2      | Reached skill level 1 in Summonings
  1147 | D:2      | Reached skill level 1 in Necromancy
  1147 | D:2      | Reached skill level 1 in Translocations
  1147 | D:2      | Reached skill level 1 in Transmutations
  1147 | D:2      | Reached skill level 1 in Fire Magic
  1147 | D:2      | Reached skill level 1 in Ice Magic
  1147 | D:2      | Reached skill level 1 in Air Magic
  1147 | D:2      | Reached skill level 1 in Earth Magic
  1147 | D:2      | Reached skill level 1 in Poison Magic
  1184 | D:2      | Noticed Natasha
  1201 | D:2      | Killed Natasha
  1201 | D:2      | Reached XP level 5. HP: 6/43 MP: 0/12
  1797 | D:2      | Noticed Natasha
  1819 | D:2      | Killed Natasha
  1872 | D:2      | Noticed Natasha
  1884 | D:2      | Killed Natasha
  2062 | D:3      | Reached XP level 6. HP: 31/50 MP: 6/13
  2349 | D:3      | Reached skill level 5 in Fighting
  2349 | D:3      | Reached skill level 5 in Polearms
  2349 | D:3      | Reached skill level 5 in Dodging
  2664 | D:3      | Found a basalt altar of Yredelemnul.
  2711 | D:3      | Found a glowing golden altar of the Shining One.
  2713 | D:3      | Noticed an angel
  2843 | D:3      | Found a deep blue altar of Sif Muna.
  3312 | D:3      | Reached XP level 7. HP: 56/56 MP: 8/15
  4128 | D:4      | Found a glowing drain.
  4143 | Sewer    | Entered a sewer
  4261 | Sewer    | Reached XP level 8. HP: 45/63 MP: 7/16
  4639 | D:4      | Noticed Sigmund
  4661 | D:4      | Killed Sigmund
  4811 | D:5      | Entered Level 5 of the Dungeon
  5278 | D:5      | Found an ornate altar of the Wu Jian Council.
  5291 | D:5      | Noticed Ijyb
  5311 | D:5      | Killed Ijyb
  5591 | D:5      | Reached XP level 9. HP: 54/69 MP: 7/18
  6373 | D:6      | Found a staircase to the Ecumenical Temple.
  6428 | Temple   | Entered the Ecumenical Temple
  6536 | Temple   | Became a worshipper of Ru the Awakened
  6745 | D:6      | Reached skill level 5 in Armour
  7057 | D:7      | Learned a level 4 spell: Summon Lightning Spire
  7752 | D:7      | Reached skill level 5 in Invocations
  7821 | D:7      | Noticed a hornet
  7830 | D:7      | Paralysed by a hornet for 3 turns
  7837 | D:7      | Killed a hornet
  7837 | D:7      | Reached XP level 10. HP: 33/77 MP: 4/20
  8414 | D:7      | Noticed a cyclops
  8427 | D:7      | Killed a cyclops
  8820 | D:7      | Reached skill level 5 in Short Blades
  8820 | D:7      | Reached skill level 5 in Long Blades
  8820 | D:7      | Reached skill level 5 in Axes
  8820 | D:7      | Reached skill level 5 in Maces & Flails
  8820 | D:7      | Reached skill level 5 in Staves
  8820 | D:7      | Reached skill level 5 in Slings
  8820 | D:7      | Reached skill level 5 in Bows
  8820 | D:7      | Reached skill level 5 in Crossbows
  8820 | D:7      | Reached skill level 5 in Throwing
  8820 | D:7      | Reached skill level 5 in Stealth
  8820 | D:7      | Reached skill level 5 in Shields
  8820 | D:7      | Reached skill level 5 in Unarmed Combat
  8820 | D:7      | Reached skill level 5 in Evocations
  8869 | D:7      | Found a glowing silver altar of Zin.
  8909 | D:7      | Found a shadowy altar of Dithmenos.
  9044 | D:8      | Noticed Pikel
  9069 | D:8      | Killed Pikel
  9088 | D:8      | Found a flagged portal.
  9100 | Bailey   | Entered a bailey
  9199 | Bailey   | Found an iron altar of Okawaru.
  9199 | Bailey   | Noticed an orc high priest
  9199 | Bailey   | Noticed a kobold demonologist
  9219 | Bailey   | Noticed an orange demon
  9221 | Bailey   | Noticed an orange demon
  9226 | Bailey   | Noticed a soul eater
  9229 | Bailey   | HP: 5/118 [poisoned by an orange demon]
  9246 | Bailey   | Noticed a rust devil
  9249 | Bailey   | Killed an orc high priest
  9252 | Bailey   | HP: 3/118 [ufetubus[a kobold demonologist] (3)]
  9252 | Bailey   | HP: 1/118 [ynoxinul[a kobold demonologist] (2)]
  9252 | Bailey   | Slain by a ynoxinul

Levels and vault maps discovered:
D:1:      psy_arrival_conway, layout_loops_ring, minmay_misc_feat_doors
D:2:      layout_basic, uniq_natasha
D:3:      layout_basic, lemuel_blue_sif_altar, grunt_temple_overflow_holy_war,
          first_ration
D:4:      layout_cave_pods, portal_sewer_entry_e, minmay_misc_feat_roman,
          uniq_sigmund
D:5:      layout_gridville, lemuel_round_altar, uniq_ijyb
D:6:      layout_basic, minmay_temple_entry_enclosed_plants
D:7:      minmay_chambers_of_sixes, layout_cave_pools, kennysheep_little_box,
          nicolae_overflow_crystal_walls
D:8:      layout_rooms, enter_bailey_3, uniq_pikel
Temple:   regret_index_temple_waves
Bailey:   bailey_axe_of_yendor_kennysheep, bailey

Skill      XL: |  1  2  3  4  5  6  7  8  9 10 |
---------------+-------------------------------+-----
Spellcasting   | 5 6 7 |  7.4
Invocations    | 1 2 3 4 5 |  5.9
Short Blades   | 1 2 3 4 5 |  5.3
Long Blades    | 1 2 3 4 5 |  5.3
Axes           | 1 2 3 4 5 |  5.3
Maces & Flails | 1 2 3 4 5 |  5.3
Staves         | 1 2 3 4 5 |  5.3
Slings         | 1 2 3 4 5 |  5.3
Bows           | 1 2 3 4 5 |  5.3
Crossbows      | 1 2 3 4 5 |  5.3
Throwing       | 1 2 3 4 5 |  5.3
Stealth        | 1 2 3 4 5 |  5.3
Shields        | 1 2 3 4 5 |  5.3
Unarmed Combat | 1 2 3 4 5 |  5.3
Evocations     | 1 2 3 4 5 |  5.3
Conjurations   | 1 2 3 4 |  4.4
Hexes          | 1 2 3 4 |  4.4
Summonings     | 1 2 3 4 |  4.4
Necromancy     | 1 2 3 4 |  4.4
Translocations | 1 2 3 4 |  4.4
Transmutations | 1 2 3 4 |  4.4
Fire Magic     | 1 2 3 4 |  4.4
Ice Magic      | 1 2 3 4 |  4.4
Air Magic      | 1 2 3 4 |  4.4
Earth Magic    | 1 2 3 4 |  4.4
Poison Magic   | 1 2 3 4 |  4.4
Armour         | 3 4 5 6 |  6.0
Fighting       | 5 6 7 |  7.1
Polearms       | 5 6 7 |  7.1
Dodging        | 5 6 7 |  7.1
Charms         | 6 7 |  7.1

Action                   |  1- 3 |  4- 6 |  7- 9 | 10-12 || total
-------------------------+-------+-------+-------+-------++-------
Melee: Spear             |    77 |   143 |   203 |       ||   423
       Bite              |     2 |     9 |    29 |     4 ||    44
       Punch             |       |       |     4 |       ||     4
       Halberd           |       |       |    85 |    66 ||   151
       Scythe            |       |       |    20 |       ||    20
 Cast: Infusion          |    13 |    17 |    39 |     7 ||    76
       Spectral Weapon   |     1 |     9 |    40 |    10 ||    60
       Song of Slaying   |     1 |     2 |     1 |       ||     4
       Shroud of Golubri |       |     1 |     3 |     6 ||    10
       Regeneration      |       |       |     2 |       ||     2
Evoke: Wand              |       |       |       |     1 ||     1
  Use: Potion            |     2 |       |       |     6 ||     8
       Scroll            |       |       |    11 |     4 ||    15
 Stab: Sleeping          |     2 |     5 |     8 |     1 ||    16
       Distracted        |       |     1 |     2 |       ||     3
       Invisible         |       |       |       |     1 ||     1
  Eat: Chunk             |       |     4 |    22 |       ||    26
       Ration            |       |     1 |     1 |       ||     2
Armor: Leather armour    |    13 |    32 |    14 |       ||    59
       Robe              |       |       |    39 |    17 ||    56
       Skin              |       |       |       |   123 ||   123
Dodge: Dodged            |    43 |    67 |   208 |    64 ||   382

Table legend:
 A = Non-vault XP
 B = Vault XP
 C = Vault XP percentage of total XP
 D = Non-vault monster count
 E = Vault monster count
 F = Vault count percentage of total count
                 A         B        C        D         E       F
            +---------+---------+-------+---------+---------+-------
      Total |    4727 |    2800 |  37.2 |     164 |      33 |  16.8
            +---------+---------+-------+---------+---------+-------
        D:1 |      43 |       0 |   0.0 |      25 |       0 |   0.0
        D:2 |     197 |      36 |  15.5 |      28 |       1 |   3.4
        D:3 |     348 |       0 |   0.0 |      26 |       0 |   0.0
        D:4 |     503 |     258 |  33.9 |      22 |       9 |  29.0
        D:5 |     957 |      36 |   3.6 |      23 |       1 |   4.2
        D:6 |     859 |       0 |   0.0 |      15 |       0 |   0.0
        D:7 |    1508 |     721 |  32.3 |      23 |       5 |  17.9
        D:8 |     312 |     655 |  67.7 |       2 |       3 |  60.0
      Sewer |       0 |     120 | 100.0 |       0 |       6 | 100.0
     Bailey |       0 |     974 | 100.0 |       0 |       8 | 100.0
            +---------+---------+-------+---------+---------+-------
